 Dungeon Crawl Stone Soup version bcrawl-1.26.1 (webtiles) character file.

Game seed: 15457099133966008306

181271 Freyura the Scratcher (level 5, 0/29 HPs)
             Began as a Felid Martial Artist on July 11, 2020.
             Was a Priest of Wu Jian.
             Slain by p0wl's ghost (3 damage)
             ... on level 3 of the Dungeon.
             The game lasted 00:09:41 (2238 turns).

Freyura the Scratcher (Felid Martial Artist)        Turns: 2238, Time: 00:09:42

Health: 0/29       AC:  2    Str:  8    XL:     5   Next: 91%
Magic:  10/10      EV: 21    Int: 10    God:    Wu Jian [***...]
Gold:   158        SH:  0    Dex: 21    Spells: 8/9 levels left
                                        Lives:  0   Deaths: 1

rFire    . . .     SeeInvis +     - Teeth and claws (10.8)
rCold    . . .     Gourm    .   (shield unavailable)
rNeg     + . .     Faith    .   (armour unavailable)
rPois    .         Spirit   .   (helmet unavailable)
rElec    .         Reflect  .   (cloak restricted)
rCorr    +         Harm     .   (gloves unavailable)
MR       .....                  (boots unavailable)
Stlth    ++++......             (no amulet)
HPRegen  0.09/turn              f - ring of positive energy
MPRegen  0.12/turn              k - ring of resist corrosion

@: quick
A: very small, no armour, no weapons or thrown items, stealth, claws 1, fangs 3,
see invisible, carnivore, speed 1, shaggy fur 2, slow metabolism 1, sharp paws
a: Wall Jump, Serpent's Lash, Renounce Religion


You were on level 3 of the Dungeon.
You worshipped Wu Jian.
Wu Jian was most pleased with you.
You were not hungry.

You visited 1 branch of the dungeon, and saw 3 of its levels.

You collected 158 gold pieces.

Inventory:

Jewellery
 f - a ring of positive energy (left paw)
 k - a ring of resist corrosion (right paw)
 n - an uncursed ring of wizardry
Wands
 m - a wand of paralysis (6)
Scrolls
 a - 4 scrolls of fear {unknown}
 b - 3 scrolls of teleportation {unknown}
 c - a scroll of identify
 g - a scroll of blinking {unknown}
 h - 2 scrolls of enchant armour {unknown}
 i - 2 scrolls of enchant weapon {unknown}
Potions
 d - a potion of magic
 l - 3 potions of curing
Comestibles
 e - 5 rations {!d}


   Skills:
 + Level 3.8 Fighting
 + Level 5.1 Dodging
 * Level 4.9 Stealth
 * Level 6.4 Unarmed Combat
 + Level 2.8 Spellcasting
 + Level 3.7 Hexes


You had 8 spell levels left.
You knew the following spells:

 Your Spells              Type           Power        Failure   Level  Hunger
a - Confusing Touch       Hex            #.......     6%          1    ##.....
Your spell library was empty.

Dungeon Overview and Level Annotations

Branches:
Dungeon (3/12)

Altars:
Nemelex Xobeh
Ru
Sif Muna
Trog
The Shining One

Annotations:
D:3 p0wl's ghost, amateur MiFi


Innate Abilities, Weirdness & Mutations

You cannot wear almost all types of armour.
You are incapable of wielding weapons or throwing items.
Your paws allow you to move quietly. (Stealth)
You have sharp claws.
You have razor-sharp teeth.
You have supernaturally acute eyesight. (SInv)
You are carnivorous and can eat meat at any time.
You cover ground quickly.
You are covered in thick fur. (AC +2)
You have a slow metabolism.
Your sharp claws are effective at attacking unaware monsters.


Message History

P0wl's ghost is severely damaged.
P0wl's ghost misses you.
You scratch p0wl's ghost but do no damage.
You bite p0wl's ghost.
P0wl's ghost is severely damaged.
You scratch p0wl's ghost but do no damage.
Your bite misses p0wl's ghost.
P0wl's ghost is severely damaged.
P0wl's ghost hits you.
You scratch p0wl's ghost.
P0wl's ghost is severely damaged.
P0wl's ghost hits you!
* * * LOW HITPOINT WARNING * * *
You scratch p0wl's ghost but do no damage.
P0wl's ghost is severely damaged.
P0wl's ghost barely misses you.
You scratch p0wl's ghost but do no damage.
P0wl's ghost is severely damaged.
P0wl's ghost hits you.
You die...

### #.# #.# #### #####.# #..#####
....#.# #.##.⌠.## ###.#.###
#.#.#.#.## #.....# ##.'..#..!#
#######.########..'.....)#
>............))W@.'(.#...
.####.###.#######.#.#.#.# .#
#.####.# #.##.⌠.## .# #.##..P#
#.†########## '## #.####.#
###.........#
..###.###.##########........#
......#P^PP^##..............###
......#P.PP.#+............÷..>#
#######P._..##.....[..####.#.####


You could see p0wl's ghost.

Vanquished Creatures
  An ogre (D:2)
  A big kobold (D:3)
  A crimson imp (D:3)
  Terence (D:3)
  5 adders
  5 worms
  3 dart slugs
  8 leopard geckos
  3 orcs
  7 goblins
  3 hobgoblins
  3 jackals (D:3)
  16 kobolds
  2 bats
  9 frilled lizards
  10 rats
78 creatures vanquished.

Notes
Turn   | Place    | Note
-------+----------+-------------------------------------------
     0 | D:1      | Freyura the Felid Martial Artist began the quest for the
                  | Orb.
     0 | D:1      | Reached XP level 1. HP: 12/12 MP: 3/3
   149 | D:1      | Reached skill level 5 in Unarmed Combat
   149 | D:1      | Reached XP level 2. HP: 16/16 MP: 5/5
   827 | D:1      | Reached XP level 3. HP: 20/20 MP: 6/6
   933 | D:2      | Reached ** piety under Wu Jian
  1115 | D:2      | Reached XP level 4. HP: 24/24 MP: 7/7
  1115 | D:2      | Noticed an ogre
  1119 | D:2      | Killed an ogre
  1218 | D:2      | Reached skill level 6 in Unarmed Combat
  1218 | D:2      | Reached XP level 5. HP: 28/28 MP: 7/9
  1218 | D:2      | Gained mutation: You are covered in thick fur. (AC +2)
                  | [Felid growth]
  1218 | D:2      | Reached XP level 6. HP: 32/32 MP: 7/10
  1218 | D:2      | Noticed a moth of wrath
  1234 | D:2      | Found a bloodstained altar of Trog.
  1331 | D:2      | Found a sparkling altar of Nemelex Xobeh.
  1332 | D:2      | Found a shimmering blue altar of Sif Muna.
  1802 | D:3      | Noticed Terence
  1803 | D:3      | Killed Terence
  1844 | D:3      | Found a glowing golden altar of the Shining One.
  1931 | D:3      | Found a sacrificial altar of Ru.
  2083 | D:3      | Reached skill level 5 in Dodging
  2144 | D:3      | Found a runed translucent gate.
  2144 | D:3      | Found a runed translucent gate.
  2144 | D:3      | Found a runed translucent gate.
  2145 | D:3      | Noticed p0wl's ghost (amateur MiFi)
  2145 | D:3      | Identified the +1 short sword of Hard Scrabble {drain, MR+
                  | Str+3}
  2182 | D:3      | Reached *** piety under Wu Jian
  2201 | D:3      | Mangled by p0wl's ghost
  2202 | D:3      | Reached XP level 5. HP: -9/29 MP: 10/10
  2238 | D:3      | Slain by p0wl's ghost

Skill      XL: |  1  2  3  4  5  6 |
---------------+-------------------+-----
Stealth        | 2 3 4 |  4.9
Unarmed Combat | 5 6 |  6.4
Hexes          | 2 3 |  3.7
Spellcasting   | 2 |  2.8
Dodging        | 5 |  5.1
Fighting       | |  3.8

Action                   |  1- 3 |  4- 6 || total
-------------------------+-------+-------++-------
Melee: Unarmed           |    92 |   109 ||   201
       Bite              |    14 |    12 ||    26
       Punch             |     2 |     2 ||     4
Invok: Lunge             |    14 |    13 ||    27
       Whirlwind         |     3 |       ||     3
  Use: Potion            |     1 |     1 ||     2
       Scroll            |       |     5 ||     5
 Stab: Sleeping          |    11 |    10 ||    21
  Eat: Chunk             |     8 |     2 ||    10
Armor: Skin              |       |     1 ||     1
Dodge: Dodged            |    52 |    43 ||    95
